 Dungeon Crawl Stone Soup version 0.29-a0-338-g1ff7896281 (webtiles) character file.

Game seed: 5743857112471189863

644 spaghetti the Covered (level 7, -6/61 HPs)
             Began as a Deep Dwarf Fighter on Apr 18, 2022.
             Was a Believer of Makhleb.
             Mangled by an ice beast (7 damage)
             ... on level 5 of the Dungeon.
             The game lasted 00:07:24 (4122 turns).

spaghetti the Covered (Deep Dwarf Fighter)          Turns: 4122, Time: 00:07:24

Health: -6/61      AC:  0    Str: 21    XL:     7   Next: 27%
Magic:  9/9        EV: 10    Int:  9    God:    Makhleb [**....]
Gold:   207        SH:  4    Dex: 12    Spells: 6/6 levels left

rFire   . . .      SeeInvis .   a - +1 war axe {axe}
rCold   . . .      Faith    .   c - +0 buckler
rNeg    . . .      Spirit   .   (no body armour)
rPois   .          Reflect  .   (no helmet)
rElec   .          Harm     .   (no cloak)
rCorr   .          Rampage  .   (no gloves)
Will    +....                   (no boots)
Stlth   ++........              (no amulet)
HPRegen 0.00/turn               (no ring)
MPRegen 0.11/turn               (no ring)

@: no status effects
A: damage resistance, heal wounds, sense surroundings 1, no regeneration
a: Heal Wounds, Renounce Religion, Minor Destruction


You were on level 5 of the Dungeon.
You worshipped Makhleb.
Makhleb was pleased with you.
You visited 1 branch of the dungeon, and saw 5 of its levels.

You collected 207 gold pieces.


Innate Abilities, Weirdness & Mutations

You are resistant to damage.
You can heal yourself by infusing magical energy.
You passively map a small area around you.
You do not regenerate.


   Skills:
 - Level 2.6 Fighting
 * Level 5.6 Axes
 * Level 6.1 Armour
 - Level 2.9 Stealth
 - Level 3.2 Shields
 + Level 4.1 Invocations


You had 6 spell levels left.
You didn't know any spells.
Your spell library contained the following spells:

 Spells                   Type           Power      Damage    Failure   Level
 Corpse Rot               Necr/Air       0%         N/A       63%         2
 Conjure Flame            Conj/Fire      0%         6-21      85%         3
 Ignite Poison            Fire/Tmut/Pois 0%         N/A       85%         3
 Dispel Undead            Necr           0%         3d6       99%         4
 Hailstorm                Conj/Ice       0%         3d3       99%         4
 Ice Form                 Ice/Tmut       0%         N/A       99%         4
 Sticky Flame             Conj/Fire      0%         2d3       99%         4
 Death Channel            Necr           0%         N/A       100%        6
 Simulacrum               Ice/Necr       0%         N/A       100%        6

Inventory:

Hand Weapons
 a - a +1 war axe (weapon) {axe}
Missiles
 g - 23 poisoned darts {throwing}
 i - 143 stones (quivered) {throwing}
 k - 2 boomerangs {throwing}
 t - 5 javelins {throwing}
Armour
 b - a +0 scale mail
 c - a +0 buckler (worn)
 n - a +2 ring mail of fire resistance
   (You found it on level 1 of the Dungeon)
 A - a +0 plate armour
   (You found it on level 5 of the Dungeon)
 B - the +1 scale mail "Uckof" {Will+ Str+2}
   (You found it on level 5 of the Dungeon)

   Str:       It affects your strength (+2).
   Will:      It increases your willpower.
Jewellery
 f - a ring of willpower
   (You found it on level 1 of the Dungeon)
 s - a ring of ice
   (You found it on level 3 of the Dungeon)
 u - a ring of positive energy
   (You found it on level 3 of the Dungeon)
 v - a ring of willpower
   (You found it on level 3 of the Dungeon)
 w - a ring of resist corrosion
   (You found it on level 3 of the Dungeon)
Wands
 y - a wand of flame (10)
   (You found it on level 5 of the Dungeon)
Scrolls
 e - 2 scrolls of immolation {!r!r}
 h - a scroll of magic mapping {unknown}
 j - 2 scrolls of identify {@r1}
 l - 4 scrolls of teleportation {@r4}
 o - 2 scrolls of amnesia
 x - a scroll of fear {unknown}
 z - a scroll of blinking {unknown}
Potions
 d - 3 potions of might
 m - 2 potions of heal wounds {@q2}
 p - 2 potions of ambrosia
 q - a potion of flight
 r - 2 potions of mutation {unknown}
 C - a potion of cancellation {unknown}

Dungeon Overview and Level Annotations

Branches:
Dungeon (5/15)             Temple (0/1) D:5

Altars:
Makhleb
Nemelex Xobeh
Vehumet
Wu Jian

Shops:
D:1 *   D:3 =

Annotations:
D:4 exclusion: statue

#.......# #########
#.#####'#######.........
#.####........#.........
*
.....+........#.........
######........#.........,
..)...........>........?
*
#####.........#.........
#.............#.........
#.....###.......@Y....#
#.....###.###########.# *
#.....'.....# , , #
#.....####### , * #.....#
* ,, , #.....## *,,,, ,*,
#......#######* *
#............#
#............# * ,*


You could see an ice beast.


Message History

Key pressed, stopping explore.
Key pressed, stopping explore.
There is a stone staircase leading up here.
You see here a +0 flail {mace}.
Found a stone staircase leading up.
Okay, then.
A scorpion comes into view.
Okay, then.
You are too injured to fight recklessly!
The scorpion barely misses you.
You hit the scorpion. The scorpion completely misses you.
You barely miss the scorpion. The scorpion stings you.
* * * LOW HITPOINT WARNING * * *
The scorpion barely misses you. 😨 HP[-1]
You take 1 damage, and now have 25/61 hp.
You closely miss the scorpion. The scorpion completely misses you.
You barely miss the scorpion. You block the scorpion's attack.
You slash the scorpion! The scorpion barely misses you.
The scorpion stings you.
* * * LOW HITPOINT WARNING * * *
You are poisoned.
The scorpion poisons you! 😨 HP[-3]
You take 3 damage, and now have 22/61 hp.
Unknown command.
You slash the scorpion!
You kill the scorpion!
Makhleb accepts your kill.
Your Invocations skill increases to level 4!
You are no longer poisoned.
You pick up a book of Decay and begin reading...
You add the spells Corpse Rot, Dispel Undead and Death Channel to your library. 😨 MP[+1]
Your mp is fully restored (9).
C - a glowing inky potion Key pressed, stopping explore.
You see here a +0 flail {mace}.
You see here a +0 hand axe {axe}.
An ice beast comes into view.
You start removing your armour.
You continue taking off your +0 plate armour. x4
You finish taking off your +0 plate armour.
You start putting on your armour.
You continue putting on your +2 ring mail of fire resistance.
The ice beast hits you.
Keep equipping yourself? [Y]es or [N]o only, please.
Keep equipping yourself? [Y]es or [N]o only, please.
Keep equipping yourself? [Y]es or [N]o only, please.
Keep equipping yourself? [Y]es or [N]o only, please.
Keep equipping yourself? [Y]es or [N]o only, please.
Keep equipping yourself? [Y]es or [N]o only, please.
Keep equipping yourself? [Y]es or [N]o only, please.
Keep equipping yourself?
You stop putting on your armour.
* * * LOW HITPOINT WARNING * * *
The ice beast freezes you.
* * * LOW HITPOINT WARNING * * *
😱 HP[-7]
You take 7 damage, and now have 15/61 hp.
Okay, then.
Aiming: Throw Flame
Press: ? - help, Shift-Dir - straight line, f - ice beast
Aim: an ice beast (68% to hit)
The puff of flame misses the ice beast.
The ice beast barely misses you.
Aiming: Throw Flame
Press: ? - help, Shift-Dir - straight line, f/p - ice beast
Aim: an ice beast (68% to hit)
The puff of flame hits the ice beast.
The ice beast melts!
The ice beast barely misses you.
Aiming: Throw Flame
Press: ? - help, Shift-Dir - straight line, f/p - ice beast
Aim: an ice beast (lightly wounded, 68% to hit)
The puff of flame hits the ice beast.
The ice beast melts!
You block the ice beast's attack.
Aiming: Throw Flame
Press: ? - help, Shift-Dir - straight line, f/p - ice beast
Aim: an ice beast (moderately wounded, 68% to hit)
The puff of flame hits the ice beast but does no damage.
The ice beast hits you.
* * * LOW HITPOINT WARNING * * *
The ice beast freezes you!
* * * LOW HITPOINT WARNING * * *
😱 HP[-13]
You take 13 damage, and now have 2/61 hp.
MASSIVE DAMAGE!! (PAUSE) Unknown command.
Okay, then.
You fail to use your ability.
The ice beast hits you.
* * * LOW HITPOINT WARNING * * *
The ice beast freezes you!
You die...

Skill      XL: |  1  2  3  4  5  6  7 |
---------------+----------------------+-----
Stealth        | 2 |  2.9
Invocations    | 1 2 3 4 |  4.1
Axes           | 3 4 5 |  5.6
Armour         | 4 5 6 |  6.1
Fighting       | |  2.6
Shields        | |  3.2

Action                   |  1- 3 |  4- 6 |  7- 9 || total
-------------------------+-------+-------+-------++-------
Melee: War axe           |   128 |   110 |    11 ||   249
Throw: Javelin           |       |     1 |       ||     1
       Stone             |       |     6 |       ||     6
       Boomerang         |       |     1 |       ||     1
 Abil: Heal Wounds       |       |     1 |       ||     1
Evoke: Wand              |       |       |     4 ||     4
  Use: Potion            |     3 |     2 |       ||     5
       Scroll            |     7 |       |       ||     7
 Stab: Sleeping          |     2 |     6 |       ||     8
Armor: Scale mail        |    27 |       |     1 ||    28
       Ring mail         |    39 |    34 |       ||    73
Dodge: Dodged            |    69 |    54 |    10 ||   133
Block: Buckler           |    29 |    22 |     4 ||    55

Levels and vault maps discovered:
D:1:      ncdulo_wetmaze, layout_loops_ring, serial_shops,
          nicolae_shop_temple_entry_statues_fountains,
          ebering_ecumenical_altar_box, item_on_display_a
D:2:      layout_basic, grunt_ministairs_9
D:3:      layout_loops_ring, general_overflow_altar, serial_shops, shop,
          st_stairs_8, lemuel_old_faithful
D:4:      layout_loops_ring, vehumet_statue
D:5:      layout_basic, mainiacjoe_overflow_paths

Notes
Turn   | Place    | Note
-------+----------+-------------------------------------------
     0 | D:1      | spaghetti the Deep Dwarf Fighter began the quest for the
                  | Orb.
     0 | D:1      | Reached XP level 1. HP: 20/20 MP: 1/1
     0 | D:1      | magus.rc [v1.9.6]
    69 | D:1      | Found Ijueb's Assorted Antiques.
   107 | D:1      | Reached skill level 1 in Stealth
   233 | D:1      | Reached skill level 2 in Stealth
   273 | D:1      | Reached XP level 2. HP: 25/27 MP: 2/2
   373 | D:1      | You pick up a book of the Tundra and begin reading...
   373 | D:1      | You add the spells Hailstorm, Ice Form and Simulacrum to
                  | your library.
   413 | D:1      | Found a faded altar of an unknown god.
   423 | D:1      | Prayed at the altar of an unknown god.
   423 | D:1      | Became a worshipper of Makhleb the Destroyer
   423 | D:1      | Reached * piety under Makhleb
   875 | D:2      | Reached XP level 3. HP: 33/33 MP: 3/3
  1094 | D:2      | You add the spells Conjure Flame, Ignite Poison and Sticky
                  | Flame to your library.
  1101 | D:2      | Reached skill level 1 in Invocations
  1947 | D:3      | Reached skill level 3 in Axes
  1977 | D:3      | Reached ** piety under Makhleb
  2000 | D:3      | Found Zuabrit's Jewellery Shoppe.
  2069 | D:3      | Found a sparkling altar of Nemelex Xobeh.
  2105 | D:3      | Reached XP level 4. HP: 33/40 MP: 5/5
  2307 | D:3      | Reached skill level 4 in Armour
  2364 | D:3      | You pick up a book of the Tundra and begin reading...
  2594 | D:4      | Reached skill level 2 in Invocations
  2619 | D:4      | Noticed a bullfrog
  2631 | D:4      | Killed a bullfrog
  2632 | D:4      | Reached XP level 5. HP: 22/46 MP: 6/6
  2695 | D:4      | Found a radiant altar of Vehumet.
  2695 | D:4      | Noticed a charred statue
  2706 | D:4      | Reached skill level 4 in Axes
  2905 | D:4      | Reached skill level 5 in Armour
  2905 | D:4      | Reached skill level 3 in Invocations
  2905 | D:4      | Reached XP level 6. HP: 25/55 MP: 8/8
  3269 | D:5      | Entered Level 5 of the Dungeon
  3460 | D:5      | Noticed a sky beast
  3469 | D:5      | HP: 12/55 [something (4)]
  3474 | D:5      | Killed a sky beast
  3475 | D:5      | Reached skill level 5 in Axes
  3509 | D:5      | Found a staircase to the Ecumenical Temple.
  3572 | D:5      | Reached XP level 7. HP: 32/61 MP: 8/8
  3605 | D:5      | Found an ornate altar of the Wu Jian Council.
  3723 | D:5      | Identified the +1 scale mail "Uckof" {Will+ Str+2}
  3818 | D:5      | Reached skill level 6 in Armour
  4020 | D:5      | Reached skill level 4 in Invocations
  4033 | D:5      | You pick up a book of Decay and begin reading...
  4033 | D:5      | You add the spells Corpse Rot, Dispel Undead and Death
                  | Channel to your library.
  4117 | D:5      | HP: 15/61 [ice beast (3)]
  4121 | D:5      | HP: 2/61 [ice beast (11)]
  4122 | D:5      | Mangled by an ice beast

Vanquished Creatures
  A sky beast (D:5)
  2 phantoms (D:5)
  A bullfrog (D:4)
  A scorpion (D:5)
  A howler monkey (D:4)
  A jelly (D:5)
  3 iguanas
  5 adders
  A worm (D:2)
  3 dart slugs
  7 orcs
  An endoplasm (D:4)
  4 giant cockroaches
  10 goblins
  8 hobgoblins
  2 jackals (D:4)
  6 quokkas
  5 ball pythons
  9 bats
  2 frilled lizards
  9 kobolds
  A rat (D:1)
83 creatures vanquished.

Vanquished Creatures (others)
  A hobgoblin (D:3)
1 creature vanquished.

Grand Total: 84 creatures vanquished

Table legend:
 A = Non-vault XP
 B = Vault XP
 C = Vault XP percentage of total XP
 D = Non-vault monster count
 E = Vault monster count
 F = Vault count percentage of total count
                 A         B        C        D         E       F
            +---------+---------+-------+---------+---------+-------
      Total |     914 |       7 |   0.8 |      79 |       4 |   4.8
            +---------+---------+-------+---------+---------+-------
        D:1 |      28 |       0 |   0.0 |      17 |       0 |   0.0
        D:2 |      41 |       4 |   8.9 |      15 |       2 |  11.8
        D:3 |      60 |       3 |   4.8 |      18 |       2 |  10.0
        D:4 |     264 |       0 |   0.0 |      20 |       0 |   0.0
        D:5 |     521 |       0 |   0.0 |       9 |       0 |   0.0
            +---------+---------+-------+---------+---------+-------

Illustrated notes

Table legend:
 A = Kills in this place as a percentage of kills in entire the game.
 B = Kills by you in this place as a percentage of kills by you in the entire game.
 C = Kills by friends in this place as a percentage of kills by friends in the entire game.
 D = Other kills in this place as a percentage of other kills in the entire game.
 E = Experience gained in this place as a percentage of experience gained in the entire game.
 F = Experience gained in this place divided by the number of levels of this place that you have seen.
                   A       B       C       D       E      F
               +-------+-------+-------+-------+-------+----------------------
         Total | 100.0 | 100.0 |   N/A |   N/A | 100.0 | 184.2
       Dungeon | 100.0 | 100.0 |   N/A |   N/A | 100.0 | 184.2
               +-------+-------+-------+-------+-------+----------------------

Table legend: (Time is in decaauts)
 A = Elapsed time spent in this place.
 B = Non-inter-level travel time spent in this place.
 C = Inter-level travel time spent in this place.
 D = Time resting spent in this place.
 E = Time spent auto-exploring this place.
 F = Levels seen in this place.
 G = Mean time per level.
                   A        B        C        D        E       F      G
               +--------+--------+--------+--------+--------+-----+--------+
         Total |   4213 |   4112 |    101 |    300 |   3048 |   5 |  842.6 |
       Dungeon |   4213 |   4112 |    101 |    300 |   3048 |   5 |  842.6 |
               +--------+--------+--------+--------+--------+-----+--------+

Top non-repeatable levels by time:
     D:2: 1089 daAuts
     D:5: 865 daAuts
     D:1: 803 daAuts
     D:3: 729 daAuts
     D:4: 726 daAuts
